 Dungeon Crawl Stone Soup version 0.31-a0-232-gb1c03b2570 (webtiles) character file.

Game seed: 17347474242886491923

96 qw the Shooter (level 4, -2/26 HPs)
             Began as a Gargoyle Hexslinger on July 7, 2023.
             Slain by a kobold
             ... wielding a +0 whip
              (4 damage)
             ... on level 2 of the Dungeon.
             The game lasted 00:00:43 (1528 turns).

qw the Shooter (Gargoyle Hexslinger)                Turns: 1528, Time: 00:00:44

Health: -2/26      AC:  9    Str: 11    XL:     4   Next: 67%
Magic:  5/5        EV: 12    Int: 14    God:
Gold:   97         SH:  0    Dex: 14    Spells: 4/5 levels left

rFire   . . .        Y - +1 sling
rCold   . . .        (no shield)
rNeg    + . .        c - +0 robe
rPois   inf          i - +2 helmet
rElec   +            (no cloak)
rCorr   .            (no gloves)
SInv    .            h - +0 pair of boots
Will    .....        (no amulet)
Stlth   +            (no ring)
HPRegen 0.24/turn    (no ring)
MPRegen 0.09/turn

%: no passive effects
@: no status effects
A: sickness immunity, AC +3, negative energy resistance 1, electricity
resistance, torment resistance 1, petrification resistance
a: no special abilities


You were on level 2 of the Dungeon.
You visited 1 branch of the dungeon, and saw 3 of its levels.

You collected 97 gold pieces.


Innate Abilities, Weirdness & Mutations

You are immune to sickness and miasma.
Your stone body is resilient. (AC +3)
You are immune to poison.
You resist negative energy. (rN+)
You are resistant to electric shocks. (rElec)
You are resistant to unholy torment.
You are immune to petrification.


   Skills:
 - Level 2.0 Fighting
 + Level 4.4 Ranged Weapons
 - Level 1.5 Dodging
 - Level 1.0 Spellcasting
 - Level 2.6 Hexes


You had 4 spell levels left.
You knew the following spells:

 Your Spells              Type           Power      Damage    Failure   Level
a - Slow                  Hex            32%        N/A       9%          1

Your spell library contained the following spells:

 Spells                   Type           Power      Damage    Failure   Level
 Inner Flame              Hex/Fire       4%         N/A       41%         3
 Portal Projectile        Hex/Tloc       8%         N/A       41%         3
 Cause Fear               Hex            4%         N/A       65%         4

Inventory:

Hand Weapons
 Y - a +1 sling (weapon)
Armour
 c - a +0 robe (worn)
 h - a +0 pair of boots (worn)
 i - a +2 helmet (worn)
Scrolls
 a - a scroll of identify
Potions
 b - a potion of cancellation {unknown}
 d - a potion of ambrosia {unknown}
 e - a potion of heal wounds {unknown}
 f - a potion of curing
 g - a potion of lignification {unknown}
 j - a potion of haste {unknown}
 k - a potion of degeneration {unknown}
 m - a potion of brilliance {unknown}

Dungeon Overview and Level Annotations

Branches:
Dungeon (3/15)

Altars:

Shops:
D:1 ?   D:2 =


Message History

You shoot a sling bullet.
The sling bullet closely misses the adder.
The quokka bites you but does no damage.
The adder barely misses you. The adder closely misses you.
The kobold hits you with a +0 whip. The quokka closely misses you.
You shoot a sling bullet. The sling bullet hits the adder.
The adder is heavily wounded.
The adder bites you but does no damage. The adder closely misses you.
The kobold hits you with a +0 whip. The quokka closely misses you.
The adder barely misses you. The adder bites you.
You shoot a sling bullet. The sling bullet hits the adder.
The adder is almost dead.
The quokka bites you but does no damage.
The adder closely misses you. The kobold hits you with a +0 whip.
The adder barely misses you.
You shoot a sling bullet.
The sling bullet hits the adder but does no damage.
The adder is almost dead.
The quokka bites you but does no damage.
The adder bites you but does no damage. The adder barely misses you.
The kobold hits you but does no damage. The quokka bites you.
The adder closely misses you. x2
You shoot a sling bullet. The sling bullet hits the adder.
You kill the adder!
The kobold barely misses you. The quokka barely misses you.
The adder bites you but does no damage. The kobold hits you but does no damage.
You shoot a sling bullet. The sling bullet hits the adder!
The adder is severely wounded.
The adder bites you but does no damage. The quokka barely misses you.
The kobold barely misses you. The adder bites you but does no damage.
The quokka closely misses you.
You shoot a sling bullet.
The sling bullet barely misses the adder.
The adder bites you but does no damage. The quokka closely misses you.
The kobold closely misses you.
You shoot a sling bullet. The sling bullet misses the adder.
The adder bites you.
The quokka bites you but does no damage.
The kobold hits you with a +0 whip.
You die...

#.......# #.#### #...###..
######...### #.# ##.### #..
#..........###.# #..# ###
#..............# ##.##
#..............#####..##
########...............#######
#............##........
#.....Kr.(..###########
#....S@%....# #############


You could see an adder, a quokka and a kobold.

Vanquished Creatures
  Jessica (D:2)
  An adder (D:2)
  3 worms (D:2)
  A dart slug (D:1)
  5 ball pythons
  6 endoplasms
  2 giant cockroaches
  2 goblins
  3 hobgoblins
  6 quokkas
  5 bats
  6 frilled lizards
  3 kobolds (D:1)
  5 rats
49 creatures vanquished.

Vanquished Creatures (others)
  A goblin (D:2)
1 creature vanquished.

Grand Total: 50 creatures vanquished

Notes
Turn   | Place    | Note
-------+----------+-------------------------------------------
     0 | D:1      | qw the Gargoyle Hexslinger began the quest for the Orb.
     0 | D:1      | Reached XP level 1. HP: 12/12 MP: 2/2
     0 | D:1      | 0 ||| qw: Version: 0.3-a-46-gb1f654a
     0 | D:1      | 0 ||| qw: Game counter: 2794
     0 | D:1      | 0 ||| qw: Melee chars always use a shield: true
     0 | D:1      | 0 ||| qw: God list: Okawaru
     0 | D:1      | 0 ||| qw: Allow faded altars: false
     0 | D:1      | 0 ||| qw: Do Orc after clearing Dungeon:15 true
     0 | D:1      | 0 ||| qw: Do second Lair branch before Depths: true
     0 | D:1      | 0 ||| qw: Lair rune preference: random
     0 | D:1      | 0 ||| qw: Goals: Normal
     0 | D:1      | 0 ||| PLANNING D:1-11
   139 | D:1      | Reached XP level 2. HP: 14/16 MP: 3/3
   269 | D:1      | Reached skill level 3 in Ranged Weapons
   319 | D:1      | Found Wyopt's Magic Scroll Shop.
   322 | D:1      | 322 ||| SHOPLISTING scroll of enchant weapon (90 gold, have
                  | 15).
   322 | D:1      | 322 ||| SHOPLISTING scroll of identify (24 gold, have 15).
   322 | D:1      | 322 ||| SHOPLISTING scroll of teleportation (36 gold, have
                  | 15).
   491 | D:1      | Reached XP level 3. HP: 21/21 MP: 4/4
   990 | D:1      | 990 ||| UPGRADING to +0 pair of boots.
   995 | D:1      | 995 ||| UPGRADING to +2 helmet.
  1000 | D:1      | 1000 ||| READING 2 scrolls labelled CYCEOMO OSHRORU.
  1001 | D:1      | 1001 ||| READING scroll labelled POUCSI OLID.
  1002 | D:1      | 1002 ||| READING scroll labelled TEFIMIL AKIE.
  1003 | D:1      | 1003 ||| READING scroll labelled WOADYI DI RENE.
  1004 | D:1      | 1004 ||| DRINKING 2 inky potions.
  1005 | D:1      | 1005 ||| DROPPING scroll of poison.
  1048 | D:2      | 1048 ||| STAIRDANCE
  1217 | D:2      | Noticed Jessica
  1224 | D:2      | Killed Jessica
  1225 | D:2      | Reached skill level 4 in Ranged Weapons
  1225 | D:2      | Reached XP level 4. HP: 26/26 MP: 5/5
  1237 | D:2      | Found Juits's Jewellery Shop.
  1248 | D:2      | 1248 ||| SHOPLISTING +5 ring of evasion (432 gold, have
                  | 88).
  1248 | D:2      | 1248 ||| SHOPLISTING +6 ring of strength (432 gold, have
                  | 88).
  1248 | D:2      | 1248 ||| SHOPLISTING amulet of the acrobat (360 gold, have
                  | 88).
  1248 | D:2      | 1248 ||| SHOPLISTING ring of resist corrosion (240 gold,
                  | have 88).
  1248 | D:2      | 1248 ||| SHOPLISTING ring of see invisible (180 gold, have
                  | 88).
  1248 | D:2      | 1248 ||| SHOPLISTING ring of willpower (300 gold, have 88).
  1512 | D:3      | 1512 ||| STAIRDANCE
  1523 | D:2      | HP: 3/26 [kobold/+0 whip (4)]
  1524 | D:2      | HP: 1/26 [quokka (2)]
  1528 | D:2      | Slain by a kobold

Levels and vault maps discovered:
D:1:      amcnicky_arrival_choice, layout_loops_corners, serial_shops,
          nicolae_shop_rolled_up, chequers_serial_rivers_micro_d,
          nrook_mini_vaults, dk_noncrumbling_4, item_on_display_b
D:2:      layout_rooms, serial_shops, shop, small_statue_intersection,
          uniq_jessica
D:3:      layout_rooms, mainiacjoe_overflow_small_starburst, serial_shops, shop

Skill      XL: |  1  2  3 |
---------------+----------+-----
Ranged Weapons | 3 4 |  4.4
Fighting       | 2 |  2.0
Dodging        | |  1.5
Spellcasting   | |  1.0
Hexes          | |  2.6

Action                     |  1- 3 |  4- 6 || total
---------------------------+-------+-------++-------
   Fire: Sling             |   136 |    42 ||   178
    Use: Scroll            |     4 |       ||     4
         Potion            |     1 |       ||     1
 Armour: Robe              |    35 |    35 ||    70
  Dodge: Dodged            |    50 |    50 ||   100

Table legend:
 A = Non-vault XP
 B = Vault XP
 C = Vault XP percentage of total XP
 D = Non-vault monster count
 E = Vault monster count
 F = Vault count percentage of total count
                 A         B        C        D         E       F
            +---------+---------+-------+---------+---------+-------
      Total |     101 |      37 |  26.8 |      48 |       1 |   2.0
            +---------+---------+-------+---------+---------+-------
        D:1 |      49 |       0 |   0.0 |      30 |       0 |   0.0
        D:2 |      52 |      37 |  41.6 |      18 |       1 |   5.3
            +---------+---------+-------+---------+---------+-------
